 Dungeon Crawl Stone Soup version 0.28-a0-1087-gf3fc490d9d (console) character file.

Game seed: 6569361417548261870

78 petzl the Vexing (level 4, -3/29 HPs)
             Began as an Octopode Arcane Marksman on Dec 10, 2021.
             Slain by an orc wizard (5 damage)
             ... on level 3 of the Dungeon.
             The game lasted 00:06:06 (2863 turns).

petzl the Vexing (Octopode Arcane Marksman)         Turns: 2863, Time: 00:06:07

Health: -3/29      AC:  1    Str:  9    XL:     4   Next: 36%
Magic:  5/6        EV: 13    Int: 17    God:
Gold:   70         SH:  0    Dex: 12    Spells: 3/6 levels left

rFire   . . .      SeeInvis .   a - +2 short sword (speed)
rCold   . . .      Faith    +   (no shield)
rNeg    . . .      Spirit   .   (helmet restricted)
rPois   .          Reflect  .   k - amulet of faith
rElec   .          Harm     .   (no ring)
rCorr   .          Rampage  .   (no ring)
Will    .....                   (no ring)
Stlth   +++.......              (no ring)
HPRegen 0.09/turn               (no ring)
MPRegen 0.10/turn               (no ring)
                                (no ring)
                                (no ring)

@: hasted, very quick
A: almost no armour, amphibious, 8 rings, camouflage 1, gelatinous body 1,
(nimble swimmer 1), tentacles
a: no special abilities


You were on level 3 of the Dungeon.
You visited 1 branch of the dungeon, and saw 3 of its levels.

You collected 70 gold pieces.

Inventory:

Hand Weapons
 a - a +2 short sword of speed (weapon)
 b - a +0 hand crossbow
Missiles
 c - 17 bolts
 g - 4 curare-tipped darts (quivered) {!*}
Armour
 h - a +0 tower shield
Jewellery
 k - an amulet of faith (around mantle)
Scrolls
 d - a scroll of fear {unknown}
 e - a scroll of brand weapon {unknown}
 i - a scroll of teleportation {unknown}
 j - a scroll of enchant weapon {unknown}
 m - 2 scrolls of identify {unknown}
 n - a scroll of acquirement {unknown}
Potions
 f - a potion of haste
 l - a potion of degeneration {unknown}


   Skills:
 + Level 1.8 Fighting
 + Level 2.4 Crossbows
 + Level 2.4 Dodging
 + Level 1.8 Stealth
 + Level 0.8 Shields
 + Level 1.5 Spellcasting
 - Level 3.0 Hexes
 * Level 0.7 Air Magic
 * Level 1.2 Poison Magic


You had 3 spell levels left.
You knew the following spells:

 Your Spells              Type           Power      Damage    Failure   Level
a - Slow                  Hex            44%        N/A       6%          1
b - Poisonous Vapours     Pois/Air       8%         N/A       21%         2

Your spell library contained the following spells:

 Spells                   Type           Power      Damage    Failure   Level
 Corpse Rot               Necr/Air       4%         N/A       26%         2
 Inner Flame              Hex/Fire       6%         N/A       32%         3
 Portal Projectile        Hex/Tloc       12%        N/A       32%         3
 Cause Fear               Hex            5%         N/A       52%         4


Dungeon Overview and Level Annotations

Branches:
Dungeon (3/15)

Altars:
Kikubaaqudgha

Shops:
D:3 [


Innate Abilities, Weirdness & Mutations

You cannot wear most types of armour.
You are amphibious.
You can wear up to eight rings at the same time.
Your skin changes colour to match your surroundings (Stealth+).
Your rubbery body absorbs attacks. (AC +1, EV +1)
((You are camouflaged near water. (Stealth+)))
You have tentacles for arms and can constrict up to eight enemies at once.


Message History

The orc misses you.
You hit the orc but do no damage.
You constrict the orc, but do no damage.
The orc hits you with a +0 flail.
You hit the orc but do no damage.
You constrict the orc, but do no damage.
The orc hits you with a +0 flail.
You hit the orc but do no damage.
You constrict the orc, but do no damage.
You hit the orc.
The orc is moderately wounded.
You constrict the orc, but do no damage.
The orc hits you with a +0 flail.
The orc wizard shouts!
You hit the orc.
You kill the orc!
The orc wizard casts a spell.
The orc wizard flickers and vanishes!
Deactivating autopickup; reactivate with Ctrl-A.
Things that are here:
a +0 flail; a +0 chain mail You closely miss something.
Your squeeze misses something. Something hits you.
You aren't carrying any items that you can evoke.
Throw: 6 darts (curare) {!*}
Press: ? - help, Q - select action, (/) - cycle Shift-Dir - straight line You throw a curare-tipped dart {!*}.
Something completely misses you.
Throw: 5 darts (curare) {!*}
Press: ? - help, Q - select action, (/) - cycle Shift-Dir - straight line You throw a curare-tipped dart {!*}.
Something hits you.
You miss something. Something hits you.
You miss something. Your squeeze misses something. You hit something.
You hear some strange, mumbled words.
A magic dart appears from out of thin air!
The magic dart hits you!
* * * LOW HITPOINT WARNING * * *
It was a potion of haste.
You feel yourself speed up. Something hits you.
You die...

### # #...
##############.###
##....)...........# #
#..{.........##.#.#.#.##
#.@#########.##.........
#..# #...o..(....(#
####..# #.####........
#.....# #. #..#.#...
#.....# #. ....... .
###..##.# .. .o...###
#....##.# ## ...o..#
#...∩...# ......#
####....# #.....##
#..### #..## #
##..####.# ##(#...
#.#[###### #
#........###.###
#....###........
#<....†...# ##...###.##
##.## #.#


There were no monsters in sight!

Vanquished Creatures
  An adder (D:2)
  4 worms
  A dart slug (D:3)
  3 orcs (D:3)
  6 ball pythons
  6 bats
  4 endoplasms
  2 giant cockroaches
  4 hobgoblins
  2 quokkas (D:2)
  3 frilled lizards
  5 goblins (D:2)
  5 kobolds (D:2)
  4 rats
50 creatures vanquished.

Notes
Turn   | Place    | Note
-------+----------+-------------------------------------------
     0 | D:1      | petzl the Octopode Arcane Marksman began the quest for the
                  | Orb.
     0 | D:1      | Reached XP level 1. HP: 13/13 MP: 2/2
   208 | D:1      | Reached XP level 2. HP: 18/18 MP: 3/3
   239 | D:1      | Reached skill level 1 in Stealth
   388 | D:1      | Found a faded altar of an unknown god.
   839 | D:2      | Found an ancient bone altar of Kikubaaqudgha.
  1151 | D:2      | Reached XP level 3. HP: 23/23 MP: 5/5
  1575 | D:2      | Learned a level 2 spell: Poisonous Vapours
  2380 | D:2      | Reached XP level 4. HP: 29/29 MP: 6/6
  2581 | D:2      | Reached skill level 1 in Poison Magic
  2784 | D:3      | Found Foenalia's Antique Armour Boutique.
  2863 | D:3      | Slain by an orc wizard

Illustrated notes

Levels and vault maps discovered:
D:1:      lemuel_arrival_broad_hall, layout_loops_cross,
          shapermc_ecumenical_altar_ellora, serial_glass, glass_columns_c,
          glass_columns_a
D:2:      minmay_skewed_foursquare, layout_basic, basic_altar, st_stairs_10
D:3:      layout_loops_ring, chequers_temple_overflow_statue_of_worship,
          portal_sewer_entry_d, serial_shops, nicolae_shop_crystal, shop,
          nicolae_shop_overgrown_old_shop, nicolae_square_shop,
          grunt_ministairs_5, roderic_batcave

Skill      XL: |  1  2  3  4 |
---------------+-------------+-----
Stealth        | 1 |  1.8
Poison Magic   | 1 |  1.2
Fighting       | |  1.8
Crossbows      | |  2.4
Dodging        | |  2.4
Shields        | |  0.8
Spellcasting   | |  1.5
Hexes          | |  3.0
Air Magic      | |  0.7

Action                   |  1- 3 |  4- 6 || total
-------------------------+-------+-------++-------
Melee: Short sword       |    59 |    24 ||    83
       Constrict         |    13 |     4 ||    17
       Tentacles         |     9 |     3 ||    12
 Fire: Hand crossbow     |    32 |     8 ||    40
Throw: Dart              |       |     2 ||     2
 Cast: Slow              |     7 |     6 ||    13
  Use: Potion            |       |     1 ||     1
 Stab: Sleeping          |     4 |     1 ||     5
Armor: Skin              |     4 |       ||     4
Dodge: Dodged            |    33 |     6 ||    39

Table legend: (Time is in decaauts)
 A = Elapsed time spent in this place.
 B = Non-inter-level travel time spent in this place.
 C = Inter-level travel time spent in this place.
 D = Time resting spent in this place.
 E = Time spent auto-exploring this place.
 F = Levels seen in this place.
 G = Mean time per level.
                   A        B        C        D        E       F      G
               +--------+--------+--------+--------+--------+-----+--------+
         Total |   2858 |   2604 |    254 |    512 |   1632 |   3 |  952.7 |
       Dungeon |   2858 |   2604 |    254 |    512 |   1632 |   3 |  952.7 |
               +--------+--------+--------+--------+--------+-----+--------+

Top non-repeatable levels by time:
     D:2: 1897 daAuts
     D:1: 825 daAuts
     D:3: 135 daAuts
